 Dungeon Crawl Stone Soup version 0.28-a0-793-g31680bbd8b (webtiles) character file.

Game seed: 16893007366379375479

21 spiderkeys the Ducker (level 2, 0/14 HPs)
             Began as a Felid Abyssal Knight on Nov 4, 2021.
             Was a Follower of Lugonu.
             Slain by a goblin (2 damage)
             ... on level 1 of the Dungeon.
             The game lasted 00:00:43 (821 turns).

spiderkeys the Ducker (Felid Abyssal Knight)         Turns: 821, Time: 00:00:44

Health: 0/14       AC:  1    Str:  9    XL:     2   Next: 62%
Magic:  4/4        EV: 18    Int: 11    God:    Lugonu [*.....]
Gold:   17         SH:  0    Dex: 16    Spells: 1/1 levels left
                                        Lives:  0   Deaths: 0

rFire   . . .      SeeInvis +     - Unarmed
rCold   . . .      Faith    .   (shield unavailable)
rNeg    . . .      Spirit   .   (armour unavailable)
rPois   .          Reflect  .   (helmet unavailable)
rElec   .          Harm     .   (cloak unavailable)
rCorr   .          Rampage  .   (gloves unavailable)
Will    .....                   (boots unavailable)
Stlth   +.........              (no amulet)
HPRegen 0.04/turn               (no ring)
MPRegen 0.09/turn               (no ring)

@: quick
A: very small, claws 1, fangs 3, see invisible, speed 1, shaggy fur 1, stealthy
paws, no weapons or thrown items, no armour, multi-lived
a: Renounce Religion, Depart the Abyss


You were on level 1 of the Dungeon.
You worshipped Lugonu.
Lugonu was aware of your devotion.
You visited 1 branch of the dungeon, and saw 1 of its levels.
You visited the Abyss 1 time.

You collected 17 gold pieces.


Innate Abilities, Weirdness & Mutations

You have sharp claws.
You have razor-sharp teeth.
You have supernaturally acute eyesight. (SInv)
You cover ground quickly. (Speed+)
You are covered in fur. (AC +1)
Your paws help you pounce on unaware monsters.
You are incapable of wielding weapons or throwing items.
You cannot wear armour.
You gain extra lives every three experience levels.


   Skills:
 + Level 3.2 Fighting
 + Level 3.6 Dodging
 + Level 2.3 Unarmed Combat
 + Level 2.1 Invocations


You had one spell level left.
You didn't know any spells.
Your spell library was empty.

You aren't carrying anything.

Dungeon Overview and Level Annotations

Branches:
Dungeon (1/15)

Altars:

#####..### #..#?#
###.>....# #.#..#####.
....###.######..J........
)...............l####....
...###....###...g# ##
..........##...gl#
.............#.#g#
....##......##.#g#
##...####>#..#_#@# ##.#.#
#.##.#.#.# ....# #.#
...#.# ##..# #.##.....#
... .....##... .. .##
#####.. .#. .##. ## ##


You could see an endoplasm, a hobgoblin, 3 goblins and 2 frilled lizards.


Message History

No target in view!
No target in view!
Things that are here:
a +0 whip; 2 stones You now have 17 gold pieces (gained 9).
Key pressed, stopping explore.
An endoplasm comes into view.
An endoplasm is nearby!
The endoplasm quivers.
You scratch the endoplasm. The endoplasm hits you. 😕 HP[-3]
You take 3 damage, and now have 11/14 hp.
MASSIVE DAMAGE!! (PAUSE)
You scratch the endoplasm.
You kill the endoplasm!
Lugonu accepts your kill.
Key pressed, stopping explore.
Key pressed, stopping explore.
There is a stone staircase leading down here.
Found an escape hatch in the floor. 😎 HP[+3]
Your hp is fully restored (14).
Key pressed, stopping explore.
Found a faded altar of an unknown god.
No target in view!
No target in view!
No target in view!
A kobold comes into view. It is wielding a +0 dagger.
A kobold is nearby!
A kobold is nearby!
A kobold is nearby!
A kobold comes into view. It is wielding a +0 dagger.
You see here a scroll labelled VUNGE EBESAQY.
The kobold shouts!
You hear a shout! x2; You hear an angry hiss.
You scratch the kobold.
You kill the kobold!
Lugonu accepts your kill. The kobold misses you.
You closely miss the kobold.
The kobold hits you with a +0 dagger. 😕 HP[-1]
You take 1 damage, and now have 13/14 hp.
You scratch the kobold.
You kill the kobold!
Lugonu accepts your kill.
No target in view!
No target in view!
A goblin comes into view. It is wielding a +0 dagger.
The goblin shouts!
You hear a shout!
You hear an angry hiss.
Things that are here:
a +0 dagger; a kobold corpse; 😎 HP[+1]
Your hp is fully restored (14).
A goblin is nearby!
A goblin is nearby!
A goblin is nearby!
A rat, a hobgoblin and a kobold come into view.
A goblin comes into view. It is wielding a +0 club.
The rat moves out of view.
You barely miss the kobold.
A frilled lizard comes into view.
The kobold closely misses you.
The hobgoblin shouts!
You scratch the kobold.
You hear an angry hiss.
An endoplasm comes into view.
The kobold hits you with a +0 dagger. 😮 HP[-4]
You take 4 damage, and now have 10/14 hp.
MASSIVE DAMAGE!! (PAUSE)
You are too injured to fight recklessly!
Things that are here:
a +0 dagger; a kobold corpse A frilled lizard comes into view.
The kobold misses you.
You closely miss the kobold. The kobold closely misses you.
A goblin comes into view. It is wielding a +0 dagger.
The goblin shouts!
You scratch the kobold. The kobold hits you with a +0 dagger.
* * * LOW HITPOINT WARNING * * *
😨 HP[-4]
You take 4 damage, and now have 6/14 hp.
MASSIVE DAMAGE!! (PAUSE)
You barely miss the kobold. The kobold barely misses you.
You closely miss the kobold. The kobold misses you.
You scratch the kobold.
You kill the kobold!
Lugonu accepts your kill.
You miss the goblin. Your bite misses the goblin. You closely miss the goblin.
The goblin hits you with a +0 dagger.
* * * LOW HITPOINT WARNING * * *
The goblin barely misses you. 😱 HP[-4]
You take 4 damage, and now have 2/14 hp.
MASSIVE DAMAGE!! (PAUSE)
Things that are here:
a +0 dagger; a kobold corpse You see here a scroll labelled VUNGE EBESAQY.
You aren't carrying any potions.
The goblin completely misses you.
You scratch the goblin. The goblin hits you with a +0 dagger.
You die...

Skill      XL: |  1 |
---------------+----+-----
Invocations    | 2 |  2.1
Fighting       | |  3.2
Dodging        | |  3.6
Unarmed Combat | |  2.3

Action                   || total
-------------------------++-------
Melee: Unarmed           ||    47
       Bite              ||     2
Invok: Depart the Abyss  ||     1
Armor: Skin              ||     1
Dodge: Dodged            ||    31

Levels and vault maps discovered:
D:1:      dpeg_arrival_simpleton_c, layout_rooms, basic_ecumenical_altar,
          chequers_serial_rivers_micro_a, minmay_split_cup_small

Notes
Turn   | Place    | Note
-------+----------+-------------------------------------------
     0 | Abyss:1  | spiderkeys the Felid Abyssal Knight began the quest for the
                  | Orb.
     0 | Abyss:1  | Reached XP level 1. HP: 10/10 MP: 3/3
     0 | Abyss:1  | magus.rc [v1.9.10]
    34 | D:1      | You pass through the gate.
    34 | D:1      | Escaped the Abyss
   245 | D:1      | Reached skill level 2 in Invocations
   394 | D:1      | Reached XP level 2. HP: 9/14 MP: 4/4
   509 | D:1      | Reached * piety under Lugonu
   775 | D:1      | Found a faded altar of an unknown god.
   804 | D:1      | HP: 2/14 [goblin (4)]
   821 | D:1      | Slain by a goblin

Vanquished Creatures
  2 endoplasms (D:1)
  2 goblins (D:1)
  A hobgoblin (D:1)
  3 ball pythons (D:1)
  8 kobolds (D:1)
  A rat (D:1)
17 creatures vanquished.

Table legend:
 A = Non-vault XP
 B = Vault XP
 C = Vault XP percentage of total XP
 D = Non-vault monster count
 E = Vault monster count
 F = Vault count percentage of total count
                 A         B        C        D         E       F
            +---------+---------+-------+---------+---------+-------
      Total |      30 |       0 |   0.0 |      17 |       0 |   0.0
            +---------+---------+-------+---------+---------+-------
        D:1 |      30 |       0 |   0.0 |      17 |       0 |   0.0
            +---------+---------+-------+---------+---------+-------

Illustrated notes

Table legend:
 A = Kills in this place as a percentage of kills in entire the game.
 B = Kills by you in this place as a percentage of kills by you in the entire game.
 C = Kills by friends in this place as a percentage of kills by friends in the entire game.
 D = Other kills in this place as a percentage of other kills in the entire game.
 E = Experience gained in this place as a percentage of experience gained in the entire game.
 F = Experience gained in this place divided by the number of levels of this place that you have seen.
                   A       B       C       D       E      F
               +-------+-------+-------+-------+-------+----------------------
         Total | 100.0 | 100.0 |   N/A |   N/A | 100.0 |  10.0
       Dungeon | 100.0 | 100.0 |   N/A |   N/A | 100.0 |  30.0
               +-------+-------+-------+-------+-------+----------------------

Table legend: (Time is in decaauts)
 A = Elapsed time spent in this place.
 B = Non-inter-level travel time spent in this place.
 C = Inter-level travel time spent in this place.
 D = Time resting spent in this place.
 E = Time spent auto-exploring this place.
 F = Levels seen in this place.
 G = Mean time per level.
                   A        B        C        D        E       F      G
               +--------+--------+--------+--------+--------+-----+--------+
         Total |    770 |    770 |      0 |      0 |    658 |   3 |  256.7 |
       Dungeon |    743 |    743 |      0 |      0 |    640 |   1 |  743.0 |
         Abyss |     27 |     27 |      0 |      0 |     18 |   2 |   13.5 |
               +--------+--------+--------+--------+--------+-----+--------+

Top non-repeatable levels by time:
     D:1: 743 daAuts
 Abyss:1: 22 daAuts
 Abyss:2: 4 daAuts
